 Dungeon Crawl Stone Soup version 0.25-a0-458-g6fc7858b95 (webtiles) character file.

Game seed: 6893008055991153436, levelgen mode: deterministic

123 Error4North the Chopper (level 5, 0/46 HPs)
             Began as a Hill Orc Fighter on Feb 2, 2020.
             Succumbed to a scorpion's poison
             ... on level 3 of the Dungeon.
             The game lasted 00:04:03 (1223 turns).

Error4North the Chopper (Hill Orc Fighter)          Turns: 1223, Time: 00:04:04

Health: 0/46       AC:  7    Str: 20    XL:     5   Next: 7%
Magic:  5/5        EV:  7    Int:  8    God:
Gold:   166        SH:  9    Dex: 10    Spells: 4/4 levels left

rFire    . . .     SeeInvis .   a - +0 war axe
rCold    . . .     Gourm    .   c - +0 shield
rNeg     . . .     Faith    .   b - +0 scale mail
rPois    .         Spirit   .   (no helmet)
rElec    .         Reflect  .   (no cloak)
rCorr    .         Harm     .   (no gloves)
MR       .....                  (no boots)
Stlth    ..........             (no amulet)
HPRegen  0.15/turn              (no ring)
MPRegen  0.09/turn              (no ring)

@: lethally poisoned (0 -> -2), hasted, very quick
A: no striking features
a: no special abilities


You were on level 3 of the Dungeon.
You were not hungry.

You visited 1 branch of the dungeon, and saw 3 of its levels.

You collected 166 gold pieces.

Inventory:

Hand Weapons
 a - a +0 war axe (weapon)
Armour
 b - a +0 scale mail (worn)
 c - a +0 shield (worn)
Jewellery
 g - an uncursed ring of protection from cold {unknown}
 k - an uncursed ring of protection from cold {unknown}
 l - a +1 ring of evasion {unknown}
 o - an uncursed ring of protection from cold {unknown}
 p - an uncursed ring of stealth {unknown}
Scrolls
 e - a scroll of immolation {unknown}
 i - a scroll of remove curse {unknown}
 j - a scroll of blinking {unknown}
 m - a scroll of identify {unknown}
 n - a scroll of amnesia {unknown}
Potions
 d - a potion of might
Comestibles
 f - 6 rations
 h - 2 chunks of flesh


   Skills:
 + Level 4.0 Fighting
 + Level 4.3 Axes
 * Level 4.0 Armour
 + Level 0.7 Dodging
 * Level 4.3 Shields


You had 4 spell levels left.
You didn't know any spells.
Your spell library was empty.

Dungeon Overview and Level Annotations

Branches:
Dungeon (3/15)

Altars:


Message History

* * * LOW HITPOINT WARNING * * *
You feel sick. You block the worm's attack.
You slash the worm!
You kill the worm!
* * * LOW HITPOINT WARNING * * *
You feel sick.
It was a potion of haste.
You feel yourself speed up.
* * * LOW HITPOINT WARNING * * *
You feel sick.
Found an embroidered hat.
* * * LOW HITPOINT WARNING * * *
You feel sick.
You see here 14 gold pieces.
You now have 166 gold pieces (gained 14).
* * * LOW HITPOINT WARNING * * *
You feel sick.
* * * LOW HITPOINT WARNING * * *
You feel sick.
Found 17 gold pieces.
You die...

#.##[..##....##
###..............
##................
##..#..#..........#
#..#..............#
#.#...##..#........
###.#...#..#.........
#....................
....#.@.#....##......รท.
.# #....#....####......
...........## #....#.
####.......... ######.
......#.##.. #.
....$..#..#.# ##
......... .# #
##......... #


There were no monsters in sight!

Vanquished Creatures
  A scorpion (D:3)
  2 adders (D:2)
  An ooze (D:2)
  3 worms
  A dart slug (D:1)
  3 leopard geckos (D:1)
  3 bats
  2 giant cockroaches
  2 goblins
  6 hobgoblins
  4 jackals (D:1)
  A quokka (D:2)
  7 frilled lizards
  2 kobolds
  A quokka skeleton (D:2)
  7 rats
46 creatures vanquished.

Notes
Turn   | Place    | Note
-------+----------+-------------------------------------------
     0 | D:1      | Error4North the Hill Orc Fighter began the quest for the
                  | Orb.
     0 | D:1      | Reached XP level 1. HP: 19/19 MP: 1/1
    34 | D:1      | Reached XP level 2. HP: 23/26 MP: 2/2
   186 | D:1      | You fall into a shaft and drop 1 floor!
   284 | D:2      | Reached XP level 3. HP: 30/33 MP: 3/3
   765 | D:2      | Reached XP level 4. HP: 35/40 MP: 4/4
  1208 | D:3      | Reached XP level 5. HP: 6/46 MP: 5/5
  1216 | D:3      | HP: 2/46 [poisoned by a scorpion]
  1223 | D:3      | Succumbed to a scorpion's poison

Levels and vault maps discovered:
D:1:      dpeg_arrival_orchard, layout_basic
D:2:      layout_loops_ring, first_ration, kennysheep_generic_room_13
D:3:      minmay_evil_eye, layout_rooms

Skill      XL: |  1  2  3  4 |
---------------+-------------+-----
Axes           | 3 4 |  4.3
Shields        | 4 |  4.3
Fighting       | 4 |  4.0
Armour         | 4 |  4.0
Dodging        | |  0.7

Action                   |  1- 3 |  4- 6 || total
-------------------------+-------+-------++-------
Melee: War axe           |    92 |    49 ||   141
  Use: Potion            |       |     1 ||     1
  Eat: Chunk             |       |     1 ||     1
Armor: Scale mail        |    39 |    22 ||    61
Dodge: Dodged            |    24 |    11 ||    35
Block: Shield            |    50 |    25 ||    75

Table legend:
 A = Non-vault XP
 B = Vault XP
 C = Vault XP percentage of total XP
 D = Non-vault monster count
 E = Vault monster count
 F = Vault count percentage of total count
                 A         B        C        D         E       F
            +---------+---------+-------+---------+---------+-------
      Total |     175 |       2 |   1.1 |      45 |       1 |   2.2
            +---------+---------+-------+---------+---------+-------
        D:1 |      39 |       0 |   0.0 |      20 |       0 |   0.0
        D:2 |      64 |       2 |   3.0 |      20 |       1 |   4.8
        D:3 |      72 |       0 |   0.0 |       5 |       0 |   0.0
            +---------+---------+-------+---------+---------+-------
